Workbook
Name Bars: OFFSET(#REF!,0,0,COUNT(#REF!))
Name Datum: ' '!$Z$4
Name graph_forces: NEO_S1!$A$108
Name Graph_Kompetenzen: #REF!
Name graph_pestel: #REF!
Name Graph_Risk: #REF!
Name Name_Student: #REF!
Name Note_Arbeit: #REF!
Name Note_Praesentation: #REF!
Name paretoXaxis: OFFSET(#REF!,0,0,COUNT(#REF!))
Name Percentage: OFFSET(#REF!,0,0,COUNT(#REF!))
Name Sprachen: ' '!$C$3:$G$3
Name Strategie_1: #REF!
Name Strategie_10: #REF!
Name Strategie_2: #REF!
Name Strategie_3: #REF!
Name Strategie_4: #REF!
Name Strategie_5: #REF!
Name Strategie_6: #REF!
Name Strategie_7: #REF!
Name Strategie_8: #REF!
Name Strategie_9: #REF!
Name top: #REF!
Name top_forces: NEO_S1!$A$9
Name top_massnahmen: #REF!

Sheet  
A1: =OFFSET($C1,0,$Z$5-1) -> Français | C1: Deutsch | D1: Français | E1: English | F1: Italiano | G1: ??
A2: Aktuelle Sprache | C2: Sprache 1 | D2: Sprache 2 | E2: Sprache 3 | F2: Sprache 4 | G2: Sprache 5
A3: Aktuell angezeigte Sprache | C3: Deutsch | D3: Français | E3: English | F3: Italiano | G3: 5_???
B4: 2 | Z4: 69763
A5: =OFFSET($C5,0,$Z$5-1) -> M y M A N A G E M E N T | B5: =' '!#REF! -> #REF! | C5: M y M A N A G E M E N T | D5: M y M A N A G E M E N T | E5: M y M A N A G E M E N T | F5: M y M A N A G E M E N T | Z5: =IF(AND(NEO_S1!C73="© iManagement • s.imboden • www.2iManagement.ch", TODAY()<=$Z$4), $B$4,5) -> 2
A6: =OFFSET($C6,0,$Z$5-1) -> Nom | C6: Name | D6: Nom | E6: Name | F6: Nome
A7: =OFFSET($C7,0,$Z$5-1) -> Date | C7: Datum | D7: Date | E7: Date | F7: data | Z7: Deutsch
A8: =OFFSET($C8,0,$Z$5-1) -> Remarques | C8: Bemerkungen | D8: Remarques | E8: Comments | F8: Osservazioni | Z8: Français
A9: =OFFSET($C9,0,$Z$5-1) -> ← Pour effacer les réponses, s.v.p supprimez les points dans cette colonne. | C9: ← Zum Löschen der Antworten bitte Punkte in dieser Spalte löschen. | D9: ← Pour effacer les réponses, s.v.p supprimez les points dans cette colonne. | E9: ← To delete the answers, please delete points in this column. | F9: ← Per eliminare le risposte, cancellare i punti in questa colonna. | Z9: English
A10: =OFFSET($C10,0,$Z$5-1) -> Inventaire NEO des cinq facteurs (Big Five) selon Costa et McCrae | C10: NEO-Fünf-Faktoren-Inventar (Big Five) nach Costa und McCrae | D10: Inventaire NEO des cinq facteurs (Big Five) selon Costa et McCrae | E10: NEO Five-Factor Inventory (Big Five) according to Costa and McCrae | F10: Inventario dei cinque fattori NEO (Big Five) secondo Costa e McCrae | Z10: Italiano
A11: =OFFSET($C11,0,$Z$5-1) -> désapprouve fortement | C11: Starke Ablehung | D11: désapprouve fortement | E11: Strong rejection | F11: fortemente disapprova
A12: =OFFSET($C12,0,$Z$5-1) -> désapprouve un peu | C12: Ablehnung | D12: désapprouve un peu | E12: Rejection | F12: disapprova leggermente
A13: =OFFSET($C13,0,$Z$5-1) -> n’approuve ni ne dé_x0002_sapprouve | C13: Neutral | D13: n’approuve ni ne dé_x0002_sapprouve | E13: Neutral | F13: non approva né disapprova
A14: =OFFSET($C14,0,$Z$5-1) -> approuve un peu | C14: Zustimmung | D14: approuve un peu | E14: Agree | F14: approva leggermente
A15: =OFFSET($C15,0,$Z$5-1) -> approuve fortement | C15: Starke Zustimmung | D15: approuve fortement | E15: Strong approval | F15: approva fortemente
A16: =OFFSET($C16,0,$Z$5-1) -> 0 | C16: S. 1/3 | E16: p. 1/3
A17: =OFFSET($C17,0,$Z$5-1) -> Remarques : Ce questionnaire contient 60 affirmations qui pourraient être utiles pour vous décrire. Lisez attentivement chacune de ces affirmations et demandez-vous si elle s'applique à vous ou non. Pour évaluer chacune des 60 affirmations, vous disposez d'une échelle à cinq niveaux. Veuillez cocher la case correspondante : | C17: Hinweise: Dieser Fragebogen enthält 60 Aussagen, welche sich zur Beschreibung Ihrer eigenen Person eignen könnten. Lesen Sie bitte jede dieser Aussagen aufmerksam durch und überlegen Sie, ob diese Aussage auf Sie persönlich zutrifft oder nicht. Zur Bewertung jeder der 60 Aussagen steht Ihnen eine fünffach abgestufte Skala zur Verfügung. Kreuzen Sie bitte an: | D17: Remarques : Ce questionnaire contient 60 affirmations qui pourraient être utiles pour vous décrire. Lisez attentivement chacune de ces affirmations et demandez-vous si elle s'applique à vous ou non. Pour évaluer chacune des 60 affirmations, vous disposez d'une échelle à cinq niveaux. Veuillez cocher la case correspondante : | E17: Notes: This questionnaire contains 60 statements that could be used to describe yourself. Please read each of these statements carefully and consider whether or not they apply to you personally. A five-point scale is provided for you to rate each of the 60 statements. Please mark with a cross: | F17: Note: Questo questionario contiene 60 affermazioni che potrebbero essere utilizzate per descrivere se stessi. Si prega di leggere attentamente ciascuna di queste affermazioni e di considerare se si applicano o meno alla propria persona. È prevista una scala di cinque punti per valutare ciascuna delle 60 affermazioni. Barrare la casella:
A18: =OFFSET($C18,0,$Z$5-1) -> Fort désaccord si vous n'êtes absolument pas d'accord avec l'affirmation ou si vous la jugez totalement inexacte. | C18: Starke Ablehnung, wenn Sie der Aussage auf keinen Fall zustimmen oder sie für völlig unzutreffend halten. | D18: Fort désaccord si vous n'êtes absolument pas d'accord avec l'affirmation ou si vous la jugez totalement inexacte. | E18: Strongly disagree if you strongly disagree with the statement or consider it to be completely inaccurate. | F18: Fortemente in disaccordo se siete fortemente in disaccordo con l'affermazione o se ritenete che sia completamente inesatta.
A19: =OFFSET($C19,0,$Z$5-1) -> Désapprobation, si vous êtes plutôt en désaccord avec l'affirmation ou si vous pensez qu'elle est inexacte. | C19: Ablehnung, wenn Sie der Aussage eher nicht zustimmen oder sie für unzutreffend halten. | D19: Désapprobation, si vous êtes plutôt en désaccord avec l'affirmation ou si vous pensez qu'elle est inexacte. | E19: Disagree if you tend to disagree with the statement or consider it to be incorrect. | F19: In disaccordo se si è tendenzialmente in disaccordo con l'affermazione o la si ritiene errata.
A20: =OFFSET($C20,0,$Z$5-1) -> Neutre, si l'affirmation n'est ni juste ni fausse, c'est-à-dire ni vraie ni fausse. | C20: Neutral, wenn die Aussage weder richtig noch falsch, also weder zutreffend noch unzutreffend ist. | D20: Neutre, si l'affirmation n'est ni juste ni fausse, c'est-à-dire ni vraie ni fausse. | E20: Neutral if the statement is neither true nor false, i.e. neither accurate nor inaccurate. | F20: Neutro se l'affermazione non è né corretta né errata, cioè né vera né falsa.
A21: =OFFSET($C21,0,$Z$5-1) -> D'accord, si vous êtes plutôt d'accord avec l'affirmation ou si vous la trouvez pertinente. | C21: Zustimmung, wenn Sie der Aussage eher zustimmen oder sie für zutreffend halten. | D21: D'accord, si vous êtes plutôt d'accord avec l'affirmation ou si vous la trouvez pertinente. | E21: Agree if you tend to agree with the statement or consider it to be correct. | F21: D'accordo se si è tendenzialmente d'accordo con l'affermazione o la si ritiene corretta.
A22: =OFFSET($C22,0,$Z$5-1) -> Fortement d'accord, si vous êtes fortement d'accord avec l'affirmation ou si vous pensez qu'elle est tout à fait correcte. | C22: Starke Zustimmung, wenn Sie der Aussage nachdrücklich zustimmen oder sie für völlig zutreffend halten. | D22: Fortement d'accord, si vous êtes fortement d'accord avec l'affirmation ou si vous pensez qu'elle est tout à fait correcte. | E22: Strongly agree if you strongly agree with the statement or consider it to be completely accurate. | F22: Fortemente d'accordo se si è fortemente d'accordo con l'affermazione o la si ritiene completamente corretta.
A23: =OFFSET($C23,0,$Z$5-1) -> « Il n'y a pas de « bonne » ou de « mauvaise » réponse à ce questionnaire. Vous n'avez pas besoin d'être un.e expert.e pour répondre correctement au questionnaire. Le meilleur moyen d'atteindre l'objectif de l'enquête est de répondre aux questions le plus honnêtement possible. Veuillez lire attentivement chaque affirmation et cocher la catégorie qui exprime le mieux votre point de vue. Veuillez évaluer les 60 affirmations rapidement, mais soigneusement. N'omettez aucune affirmation. Même si vous avez du mal à vous décider, cochez quand même toujours une réponse, celle qui vous correspond le mieux ». | C23: Es gibt bei diesem Fragebogen keine „richtigen" oder „falschen" Antworten, und Sie müssen kein ExperteIn sein, um den Fragebogen angemessen beantworten zu können. Sie erfüllen den Zweck der Befragung am besten, indem Sie die Fragen so wahrheitsgemäss wie möglich beantworten. Bitte lesen Sie jede Aussage genau durch und kreuzen Sie als Antwort die Kategorie an, die Ihre Sichtweise am besten ausdrückt. Bitte bewerten Sie die 60 Aussagen zügig, aber sorgfältig. Lassen Sie keine Aussage aus. Auch wenn Ihnen einmal die Entscheidung schwer fallen sollte, kreuzen Sie trotzdem immer eine Antwort an, und zwar die, welche noch am ehesten auf Sie zutrifft. | D23: « Il n'y a pas de « bonne » ou de « mauvaise » réponse à ce questionnaire. Vous n'avez pas besoin d'être un.e expert.e pour répondre correctement au questionnaire. Le meilleur moyen d'atteindre l'objectif de l'enquête est de répondre aux questions le plus honnêtement possible. Veuillez lire attentivement chaque affirmation et cocher la catégorie qui exprime le mieux votre point de vue. Veuillez évaluer les 60 affirmations rapidement, mais soigneusement. N'omettez aucune affirmation. Même si vous avez du mal à vous décider, cochez quand même toujours une réponse, celle qui vous correspond le mieux ». | E23: “There are no “right” or “wrong” answers to this questionnaire. answers, and you do not need to be an expert to answer the questionnaire appropriately. You will best fulfill the purpose of the survey by answering the questions as truthfully as possible. Please read each statement carefully and mark the category that best expresses your point of view. Please evaluate the 60 statements quickly but carefully. Do not omit any statement. Even if you find it difficult to make a decision, always tick the answer that best applies to you.” | F23: “Non ci sono risposte “giuste” o “sbagliate” a questo questionario. e non è necessario essere esperti per rispondere in modo appropriato al questionario. Rispondendo alle domande nel modo più veritiero possibile, si raggiungerà al meglio lo scopo del sondaggio. Leggete attentamente ogni affermazione e spuntate la categoria che meglio esprime il vostro punto di vista. Valutare rapidamente ma con attenzione le 60 affermazioni. Non tralasciate nessuna affermazione. Anche se le risulta difficile prendere una decisione, barri sempre la risposta che meglio si applica a lei”.
A24: =OFFSET($C24,0,$Z$5-1) -> 0
A25: =OFFSET($C25,0,$Z$5-1) -> 0
A26: =OFFSET($C26,0,$Z$5-1) -> Je ne m'inquiète pas facilement. | C26: Ich mache mir nicht so schnell Sorgen. (Ich bin nicht leicht beunruhigt). | D26: Je ne m'inquiète pas facilement. | E26: I am not easily worried. | F26: Non mi preoccupo facilmente.
A27: =OFFSET($C27,0,$Z$5-1) -> J'aime avoir beaucoup de monde autour de moi. | C27: Ich habe gerne viele Leute um mich herum. | D27: J'aime avoir beaucoup de monde autour de moi. | E27: I like having lots of people around me. | F27: Mi piace avere molte persone intorno a me.
A28: =OFFSET($C28,0,$Z$5-1) -> Je n'aime pas perdre mon temps à rêvasser. | C28: Ich mag meine Zeit nicht mit Tagträumereien verschwenden. | D28: Je n'aime pas perdre mon temps à rêvasser. | E28: I don't like to waste my time daydreaming. | F28: Non mi piace perdere tempo a sognare ad occhi aperti.
A29: =OFFSET($C29,0,$Z$5-1) -> J'essaie d'être aimable avec toutes les personnes que je rencontre. | C29: Ich versuche zu jedem, dem ich begegne, freundlich zu sein. | D29: J'essaie d'être aimable avec toutes les personnes que je rencontre. | E29: I try to be friendly to everyone I meet. | F29: Cerco di essere amichevole con tutti quelli che incontro.
A30: =OFFSET($C30,0,$Z$5-1) -> Je garde mes affaires en ordre et propres. | C30: Ich halte meine Sachen ordentlich und sauber. | D30: Je garde mes affaires en ordre et propres. | E30: I keep my things tidy and clean. | F30: Tengo le mie cose in ordine e pulite.
A31: =OFFSET($C31,0,$Z$5-1) -> Je me sens souvent inférieur aux autres. | C31: Ich fühle mich anderen oft unterlegen. | D31: Je me sens souvent inférieur aux autres. | E31: I often feel inferior to others. | F31: Spesso mi sento inferiore agli altri.
A32: =OFFSET($C32,0,$Z$5-1) -> Il est facile de me faire rire. | C32: Ich bin leicht zum Lachen zu bringen. | D32: Il est facile de me faire rire. | E32: I am easy to make laugh. | F32: È facile che mi facciano ridere.
A33: =OFFSET($C33,0,$Z$5-1) -> Je trouve les discussions philosophiques ennuyeuses. | C33: Ich finde philosophische Diskussionen langweilig. | D33: Je trouve les discussions philosophiques ennuyeuses. | E33: I find philosophical discussions boring. | F33: Trovo noiose le discussioni filosofiche.
A34: =OFFSET($C34,0,$Z$5-1) -> Je me dispute souvent avec ma famille et mes collègues. | C34: Ich bekomme häufig Streit mit meiner Familie und Kollegen. | D34: Je me dispute souvent avec ma famille et mes collègues. | E34: I often get into arguments with my family and colleagues. | F34: Litigo spesso con la mia famiglia e con i colleghi.
A35: =OFFSET($C35,0,$Z$5-1) -> Je gère bien mon temps, de sorte que je termine mes affaires à temps. | C35: Ich kann mir meine Zeit gut einteilen, so dass ich meine Angelegenheiten rechtzeitig beende. | D35: Je gère bien mon temps, de sorte que je termine mes affaires à temps. | E35: I am good at managing my time so that I finish my affairs on time. | F35: Sono bravo a organizzare il mio tempo in modo da portare a termine le mie attività in tempo.
A36: =OFFSET($C36,0,$Z$5-1) -> Lorsque je suis soumis à un stress important, j'ai parfois l'impression de m'effondrer. | C36: Wenn ich unter starkem Stress stehe, fühle ich mich manchmal, als ob ich zusammenbräche. | D36: Lorsque je suis soumis à un stress important, j'ai parfois l'impression de m'effondrer. | E36: When I'm under a lot of stress, I sometimes feel like I'm going to collapse. | F36: Quando sono molto stressato, a volte mi sento come se stessi per crollare.
A37: =OFFSET($C37,0,$Z$5-1) -> Je ne me considère pas comme particulièrement joyeux. | C37: Ich halte mich nicht für besonders fröhlich. | D37: Je ne me considère pas comme particulièrement joyeux. | E37: I don't think I'm particularly cheerful. | F37: Non credo di essere particolarmente allegra.
... A100: =OFFSET($C100,0,$Z$5-1) -> Les personnes qui obtiennent un résultat élevé sont bien organisées, travailleuses, disciplinées, efficaces, consciencieuses et ordonnées dans leur rapport aux choses et au temps. Néanmoins, les personnes possédant une grande conscienciosité peut prédisposer à l'addiction au travail et au perfectionnisme. | C100: Personen, die eine hohe Punktzahl erreichen, sind gut organisiert, fleißig, diszipliniert, effizient, gewissenhaft und ordentlich in ihrem Verhältnis zu den Dingen und zur Zeit. Dennoch können Menschen mit einer hohen Gewissenhaftigkeit für Arbeitssucht und Perfektionismus anfällig sein. | D100: Les personnes qui obtiennent un résultat élevé sont bien organisées, travailleuses, disciplinées, efficaces, consciencieuses et ordonnées dans leur rapport aux choses et au temps. Néanmoins, les personnes possédant une grande conscienciosité peut prédisposer à l'addiction au travail et au perfectionnisme. | E100: High scorers are well-organized, diligent, disciplined, efficient, conscientious and orderly in their relationship to things and time. Nevertheless, people with a high Conscientiousness score can be prone to workaholism and perfectionism. | F100: Le persone con un punteggio elevato sono ben organizzate, diligenti, disciplinate, efficienti, coscienziose e ordinate nel loro rapporto con le cose e con il tempo. Tuttavia, le persone con alta coscienziosità possono essere inclini allo stacanovismo e al perfezionismo.
A101: =OFFSET($C101,0,$Z$5-1) -> 0
A102: =OFFSET($C102,0,$Z$5-1) -> 0
A103: =OFFSET($C103,0,$Z$5-1) -> Description détaillée | C103: Detaillierte Beschreibung | D103: Description détaillée | E103: Detailed description | F103: Descrizione dettagliata
A104: =OFFSET($C104,0,$Z$5-1) -> L'ouverture à l'expérience distingue les personnes imaginatives et créatives des personnes terre-à-terre et conventionnelles. Une personne « ouverte » est curieuse intellectuellement, apprécie l'art, est sensible à la beauté. Elle est, plus qu'une personne « fermée », consciente de ses sentiments. Elle possède souvent des convictions peu conventionnelles et individualistes, même si ses actions se conforment à l'usage. Une personne peu « ouverte » a plutôt des intérêts restreints, communs. Elle préfère le simple, le direct, l'évident au complexe, à l'ambigu, au subtil. Elle peut porter aux arts et aux sciences de la suspicion, considérant ces activités comme abstruses ou sans utilité pratique. Elle préfère la familiarité à la nouveauté ; elle est conservatrice et hostile au changement. L'ouverture est corrélée fortement avec la créativité (mesurée par des tâches comme imaginer différents usages pour un objet). D'autre part, une personne « ouverte » donne l'impression d'être intelligente, car elle est curieuse et cultivée. Cependant, cette dimension est indépendante du quotient intellectuel. Cela signifie qu'une personne avec un fort QI peut avoir une ouverture faible et que son expertise sera centrée sur un domaine particulier. Les psychologues associent souvent l'ouverture à une bonne santé mentale et à la maturité. Les styles de pensée « ouvert » et « fermé » ont pourtant chacun leur avantage dans un certain contexte : l'aspect intellectuel de la personne ouverte peut être bénéfique à un professeur, mais la recherche a montré qu'à une pensée fermée répondent de meilleures performances professionnelles dans la police, la vente et un certain nombre de services. | C104: Offenheit für Erfahrungen unterscheidet fantasievolle und kreative Menschen von bodenständigen und konventionellen Menschen. Eine „offene“ Person ist intellektuell neugierig, schätzt Kunst und ist empfänglich für Schönheit. Sie ist sich ihrer Gefühle bewusster als eine „geschlossene“ Person. Sie hat oft unkonventionelle und individualistische Überzeugungen, auch wenn ihre Handlungen den üblichen Gepflogenheiten entsprechen. Eine wenig „offene“ Person hat eher beschränkte, gemeinsame Interessen. Sie ziehen das Einfache, Direkte, Offensichtliche dem Komplexen, Zweideutigen und Subtilen vor. Sie kann Kunst und Wissenschaft misstrauisch gegenüberstehen und sie als abstrus oder ohne praktischen Nutzen betrachten. Sie zieht das Vertraute dem Neuen vor; sie ist konservativ und steht Veränderungen ablehnend gegenüber. Offenheit korreliert stark mit Kreativität (gemessen an Aufgaben wie sich verschiedene Verwendungsmöglichkeiten für einen Gegenstand vorzustellen). Andererseits erweckt eine „offene“ Person den Eindruck, intelligent zu sein, da sie neugierig und kultiviert ist. Diese Dimension ist jedoch unabhängig vom Intelligenzquotienten. Das bedeutet, dass eine Person mit einem hohen IQ eine geringe Offenheit haben kann und sich ihr Fachwissen auf einen bestimmten Bereich konzentrieren wird. Psychologen bringen Offenheit häufig mit guter geistiger Gesundheit und Reife in Verbindung. Die Denkweisen „offen“ und „geschlossen“ haben jedoch in einem bestimmten Kontext jeweils ihre Vorteile: Der intellektuelle Aspekt der offenen Person kann für einen Lehrer von Vorteil sein, aber die Forschung hat gezeigt, dass eine geschlossene Denkweise bessere berufliche Leistungen bei der Polizei, im Verkauf und bei einer Reihe von Dienstleistungen zur Folge hat. | D104: L'ouverture à l'expérience distingue les personnes imaginatives et créatives des personnes terre-à-terre et conventionnelles. Une personne « ouverte » est curieuse intellectuellement, apprécie l'art, est sensible à la beauté. Elle est, plus qu'une personne « fermée », consciente de ses sentiments. Elle possède souvent des convictions peu conventionnelles et individualistes, même si ses actions se conforment à l'usage. Une personne peu « ouverte » a plutôt des intérêts restreints, communs. Elle préfère le simple, le direct, l'évident au complexe, à l'ambigu, au subtil. Elle peut porter aux arts et aux sciences de la suspicion, considérant ces activités comme abstruses ou sans utilité pratique. Elle préfère la familiarité à la nouveauté ; elle est conservatrice et hostile au changement. L'ouverture est corrélée fortement avec la créativité (mesurée par des tâches comme imaginer différents usages pour un objet). D'autre part, une personne « ouverte » donne l'impression d'être intelligente, car elle est curieuse et cultivée. Cependant, cette dimension est indépendante du quotient intellectuel. Cela signifie qu'une personne avec un fort QI peut avoir une ouverture faible et que son expertise sera centrée sur un domaine particulier. Les psychologues associent souvent l'ouverture à une bonne santé mentale et à la maturité. Les styles de pensée « ouvert » et « fermé » ont pourtant chacun leur avantage dans un certain contexte : l'aspect intellectuel de la personne ouverte peut être bénéfique à un professeur, mais la recherche a montré qu'à une pensée fermée répondent de meilleures performances professionnelles dans la police, la vente et un certain nombre de services. | E104: Openness to experience distinguishes imaginative and creative people from the down-to-earth and conventional. An “open” person is intellectually curious, appreciates art and is sensitive to beauty. They are more aware of their feelings than a “closed” person. They are often unconventional and individualistic in their convictions, even if their actions conform to custom. An “open-minded” person tends to have restricted, common interests. They prefer the simple, the direct and the obvious to the complex, the ambiguous and the subtle. They may be suspicious of the arts and sciences, seeing them as abstruse or of no practical use. It prefers familiarity to novelty; it is conservative and hostile to change. Openness is strongly correlated with creativity (measured by tasks such as imagining different uses for an object). On the other hand, an “open” person gives the impression of being intelligent, because he or she is curious and cultured. However, this dimension is independent of IQ. This means that a person with a high IQ may have a low openness, and his or her expertise will be focused on a particular field. Psychologists often associate openness with good mental health and maturity. However, “open” and “closed” thinking styles each have their advantages in a certain context: the intellectual aspect of the open-minded person may be beneficial to a teacher, but research has shown that closed-minded thinking is associated with better professional performance in policing, sales and a number of services. | F104: L'apertura all'esperienza distingue le persone fantasiose e creative da quelle concrete e convenzionali. Una persona “aperta” è intellettualmente curiosa, apprezza l'arte ed è sensibile alla bellezza. È più consapevole dei propri sentimenti rispetto alle persone “chiuse”. Spesso ha convinzioni non convenzionali e individualiste, anche se le sue azioni sono conformi alle consuetudini. Una persona poco “aperta” tende ad avere interessi ristretti e comuni. Preferiscono il semplice, il diretto e l'ovvio al complesso, all'ambiguo e al sottile. Può diffidare delle arti e delle scienze, considerandole astruse o di nessuna utilità pratica. Preferisce la familiarità alla novità; è conservatore e ostile al cambiamento. L'apertura è fortemente correlata alla creatività (misurata attraverso compiti come immaginare diversi usi per un oggetto). D'altra parte, una persona “aperta” dà l'impressione di essere intelligente, perché curiosa e colta. Tuttavia, questa dimensione è indipendente dal QI. Ciò significa che una persona con un alto quoziente intellettivo può avere una bassa apertura e la sua competenza sarà focalizzata su un campo particolare. Gli psicologi spesso associano l'apertura a una buona salute mentale e alla maturità. Tuttavia, gli stili di pensiero “aperto” e “chiuso” hanno ciascuno i propri vantaggi in un determinato contesto: l'aspetto intellettuale di una persona dalla mentalità aperta può essere vantaggioso per un insegnante, ma la ricerca ha dimostrato che la mentalità chiusa è associata a migliori prestazioni professionali nella polizia, nelle vendite e in una serie di servizi.
A105: =OFFSET($C105,0,$Z$5-1) -> La conscienciosité (conscience) décrit comment l'individu contrôle, régule et dirige ses impulsions. Les impulsions ne sont pas mauvaises en soi : occasionnellement des contraintes temporelles exigent une décision immédiate, et suivre notre élan premier peut être une réponse efficace ; et dans un contexte ludique ce peut être plus amusant. Les individus impulsifs peuvent être perçus comme hauts en couleur, boute-en-train. Certains leur reprochent cependant de manquer d'ambition, de ne pas pouvoir compter sur eux et de ne pas savoir respecter les limites. Les avantages d'un fort caractère consciencieux sont évidents. Les individus consciencieux évitent les ennuis et réussissent avec brio en cernant et planifiant leurs objectifs et en maintenant leur ligne de conduite. Ils sont également perçus positivement par autrui, comme intelligents et fiables. Côté négatif, ils peuvent être des perfectionnistes compulsifs et des bourreaux de travail. Des individus extrêmement consciencieux peuvent être considérés comme ternes et ennuyeux. | C105: „Gewissenhaftigkeit (Gewissenhaftigkeit) beschreibt, wie das Individuum seine Impulse kontrolliert, reguliert und steuert. Impulse sind nicht per se schlecht: Gelegentlich erfordern zeitliche Zwänge eine sofortige Entscheidung, und unserem ersten Impuls zu folgen, kann eine wirksame Reaktion sein; und in einem spielerischen Kontext kann es sogar noch mehr Spaß machen. Impulsive Menschen können als farbenfroh und witzig angesehen werden. Manche werfen ihnen jedoch vor, dass es ihnen an Ehrgeiz mangelt, dass sie sich nicht auf sich selbst verlassen können und dass sie keine Grenzen respektieren. Die Vorteile eines starken, gewissenhaften Charakters liegen auf der Hand. Gewissenhafte Menschen vermeiden Ärger und sind sehr erfolgreich, indem sie ihre Ziele eingrenzen und planen und ihre Linie beibehalten. Sie werden auch von anderen als intelligent und zuverlässig positiv wahrgenommen. Auf der negativen Seite können sie zwanghafte Perfektionisten und Workaholics sein. Extrem gewissenhafte Individuen können als stumpfsinnig und langweilig angesehen werden“. | D105: La conscienciosité (conscience) décrit comment l'individu contrôle, régule et dirige ses impulsions. Les impulsions ne sont pas mauvaises en soi : occasionnellement des contraintes temporelles exigent une décision immédiate, et suivre notre élan premier peut être une réponse efficace ; et dans un contexte ludique ce peut être plus amusant. Les individus impulsifs peuvent être perçus comme hauts en couleur, boute-en-train. Certains leur reprochent cependant de manquer d'ambition, de ne pas pouvoir compter sur eux et de ne pas savoir respecter les limites. Les avantages d'un fort caractère consciencieux sont évidents. Les individus consciencieux évitent les ennuis et réussissent avec brio en cernant et planifiant leurs objectifs et en maintenant leur ligne de conduite. Ils sont également perçus positivement par autrui, comme intelligents et fiables. Côté négatif, ils peuvent être des perfectionnistes compulsifs et des bourreaux de travail. Des individus extrêmement consciencieux peuvent être considérés comme ternes et ennuyeux. | E105: “Conscientiousness (conscientiousness) describes how the individual controls, regulates and directs his or her impulses. Impulses are not inherently bad: occasionally time constraints demand an immediate decision, and following our first impulse can be an effective response; and in a playful context it can be more fun. Impulsive people can be perceived as colorful, fun-loving individuals. However, some criticize them for lacking ambition, not being able to rely on themselves and not knowing how to respect limits. The advantages of a strong conscientious character are obvious. Conscientious individuals avoid trouble and achieve success by identifying and planning their objectives and staying on course. They are also perceived positively by others, as intelligent and reliable. On the negative side, they can be compulsive perfectionists and workaholics. Extremely conscientious individuals can be seen as dull and boring.” | F105: “La coscienziosità descrive come l'individuo controlla, regola e dirige i propri impulsi. Gli impulsi non sono negativi di per sé: a volte i vincoli di tempo richiedono una decisione immediata, e seguire il primo impulso può essere una risposta efficace; e in un contesto ludico può essere più divertente. Le persone impulsive possono essere viste come colorate e amanti del divertimento. Tuttavia, alcune persone le criticano perché mancano di ambizione, non sono in grado di contare su se stesse e non sanno rispettare i limiti. I vantaggi di un carattere fortemente coscienzioso sono evidenti. Le persone coscienziose evitano i problemi e raggiungono il successo identificando e pianificando i propri obiettivi e rimanendo sulla retta via. Inoltre, sono viste positivamente dagli altri, in quanto intelligenti e affidabili. In negativo, possono essere perfezionisti compulsivi e maniaci del lavoro. Le persone estremamente coscienziose possono essere viste come noiose e monotone”.
A106: =OFFSET($C106,0,$Z$5-1) -> L'extraversion est marquée par d'intenses interactions avec le monde extérieur. Les extravertis aiment être avec des gens, sont pleins d'énergie et ressentent souvent des émotions positives. Tournés vers l'action, ils tendent à se montrer enthousiastes et à vivement approuver les projets excitants. En groupe ils aiment parler, s'affirment et attirent l'attention à soi. Les personnes ayant une extraversion basse sont moins exubérantes, ont un niveau d'énergie et d'activité moins élevé que la moyenne. Elles sont plutôt calmes, effacées, et moins dépendantes de la vie sociale. Leur peu d'engagement social ne doit pas être interprété comme de la timidité ou de la dépression ; l'introverti a simplement besoin de moins de stimulation que l'extraverti et de plus de temps pour recharger ses batteries. | C106: „Die Extraversion ist durch intensive Interaktionen mit der Außenwelt gekennzeichnet. Extravertierte sind gerne unter Menschen, stecken voller Energie und empfinden oft positive Emotionen. Sie sind handlungsorientiert und neigen dazu, sich für spannende Projekte zu begeistern und diese zu befürworten. In Gruppen reden sie gerne, behaupten sich und ziehen die Aufmerksamkeit auf sich. Menschen mit niedriger Extraversion sind weniger überschwänglich, haben ein niedrigeres Energie- und Aktivitätsniveau als der Durchschnitt. Sie sind eher ruhig, zurückhaltend und weniger abhängig vom sozialen Leben. Ihr geringes soziales Engagement sollte nicht als Schüchternheit oder Depression interpretiert werden; der Introvertierte braucht einfach weniger Anregungen als der Extrovertierte und mehr Zeit, um seine Batterien wieder aufzuladen“. | D106: L'extraversion est marquée par d'intenses interactions avec le monde extérieur. Les extravertis aiment être avec des gens, sont pleins d'énergie et ressentent souvent des émotions positives. Tournés vers l'action, ils tendent à se montrer enthousiastes et à vivement approuver les projets excitants. En groupe ils aiment parler, s'affirment et attirent l'attention à soi. Les personnes ayant une extraversion basse sont moins exubérantes, ont un niveau d'énergie et d'activité moins élevé que la moyenne. Elles sont plutôt calmes, effacées, et moins dépendantes de la vie sociale. Leur peu d'engagement social ne doit pas être interprété comme de la timidité ou de la dépression ; l'introverti a simplement besoin de moins de stimulation que l'extraverti et de plus de temps pour recharger ses batteries. | E106: “Extraversion is marked by intense interaction with the outside world. Extroverts enjoy being with people, are full of energy and often feel positive emotions. Action-oriented, they tend to be enthusiastic and highly approving of exciting projects. In groups, they like to talk, assert themselves and draw attention to themselves. People with low extraversion are less exuberant, with a lower-than-average level of energy and activity. They tend to be quiet, self-effacing and less dependent on social life. Their lack of social engagement should not be interpreted as shyness or depression; the introvert simply needs less stimulation than the extrovert and more time to recharge their batteries.” | F106: “L'estroversione è caratterizzata da un'intensa interazione con il mondo esterno. Gli estroversi amano stare con le persone, sono pieni di energia e provano spesso emozioni positive. Orientati all'azione, tendono ad essere entusiasti e ad approvare progetti entusiasmanti. In gruppo amano parlare, affermarsi e attirare l'attenzione su di sé. Le persone con bassa estroversione sono meno esuberanti e hanno un livello di energia e di attività inferiore alla media. Tendono a essere tranquille, autosufficienti e meno dipendenti dalla vita sociale. La loro mancanza di impegno sociale non deve essere interpretata come timidezza o depressione; l'introverso ha semplicemente bisogno di meno stimoli rispetto all'estroverso e di più tempo per ricaricare le batterie”.
A107: =OFFSET($C107,0,$Z$5-1) -> L'agréabilité (amabilité) transparaît dans le désir de coopération et d'harmonie sociale. Les individus agréables portent de l'importance à la cohésion avec autrui et se montrent pleins d'égards, amicaux, serviables, généreux et prêts à transiger pour concilier leurs intérêts avec ceux des autres. Les personnes agréables ont aussi une vision optimiste de la nature humaine. Elles pensent que les gens sont foncièrement honnêtes, fiables, "bien". Les individus non 'agréables' mettent leur intérêt personnel avant la cohésion avec autrui. Ils sont généralement peu soucieux du bien-être des autres et de ce fait peu enclins à faire un effort pour eux. Parfois leur scepticisme quant aux motivations d'autrui les rend soupçonneux, inamicaux, fermés à toute coopération. Le caractère agréable est à l'évidence un avantage pour devenir et rester populaire. Les personnes agréables sont plus aimées que les personnes non agréables. D'un autre côté, le caractère agréable n'est pas favorable dans des situations qui requièrent des décisions dures ou absolument objectives. Les personnes non agréables peuvent faire d'excellents scientifiques, critiques, ou soldats. Il faut éviter de rattacher au caractère agréable les termes "altruiste" et "égoïste" parce qu'"altruisme" est un terme en usage en biologie évolutionniste (Sélection de parentèle) avec un sens fondamentalement différent de l'agréabilité. | C107: „Angenehmheit (Freundlichkeit) zeigt sich in dem Wunsch nach Kooperation und sozialer Harmonie. Angenehme Menschen legen Wert auf den Zusammenhalt mit anderen und zeigen sich rücksichtsvoll, freundlich, hilfsbereit, großzügig und kompromissbereit, um ihre Interessen mit denen anderer zu vereinbaren. Angenehme Menschen haben auch eine optimistische Sicht der menschlichen Natur. Sie glauben, dass Menschen von Grund auf ehrlich, zuverlässig und „“gut„“ sind. Nicht 'angenehme' Personen stellen ihre eigenen Interessen über den Zusammenhalt mit anderen. Sie sind in der Regel wenig um das Wohlergehen anderer besorgt und daher nicht bereit, sich für sie anzustrengen. Manchmal macht sie ihre Skepsis gegenüber den Beweggründen anderer misstrauisch, unfreundlich und verschlossen gegenüber jeglicher Kooperation. Ein angenehmer Charakter ist offensichtlich ein Vorteil, wenn es darum geht, beliebt zu werden und zu bleiben. Angenehme Menschen sind beliebter als nicht angenehme Menschen. Andererseits ist ein angenehmer Charakter in Situationen, die harte oder absolut objektive Entscheidungen erfordern, nicht günstig. Nicht angenehme Menschen können hervorragende Wissenschaftler, Kritiker oder Soldaten sein. Man sollte es vermeiden, die Begriffe „altruistisch“ und „egoistisch“ mit dem angenehmen Charakter in Verbindung zu bringen, weil „Altruismus“ ein Begriff ist, der in der Evolutionsbiologie (Verwandtenselektion) mit einer grundsätzlich anderen Bedeutung als Annehmlichkeit verwendet wird.“ | D107: L'agréabilité (amabilité) transparaît dans le désir de coopération et d'harmonie sociale. Les individus agréables portent de l'importance à la cohésion avec autrui et se montrent pleins d'égards, amicaux, serviables, généreux et prêts à transiger pour concilier leurs intérêts avec ceux des autres. Les personnes agréables ont aussi une vision optimiste de la nature humaine. Elles pensent que les gens sont foncièrement honnêtes, fiables, "bien". Les individus non 'agréables' mettent leur intérêt personnel avant la cohésion avec autrui. Ils sont généralement peu soucieux du bien-être des autres et de ce fait peu enclins à faire un effort pour eux. Parfois leur scepticisme quant aux motivations d'autrui les rend soupçonneux, inamicaux, fermés à toute coopération. Le caractère agréable est à l'évidence un avantage pour devenir et rester populaire. Les personnes agréables sont plus aimées que les personnes non agréables. D'un autre côté, le caractère agréable n'est pas favorable dans des situations qui requièrent des décisions dures ou absolument objectives. Les personnes non agréables peuvent faire d'excellents scientifiques, critiques, ou soldats. Il faut éviter de rattacher au caractère agréable les termes "altruiste" et "égoïste" parce qu'"altruisme" est un terme en usage en biologie évolutionniste (Sélection de parentèle) avec un sens fondamentalement différent de l'agréabilité. | E107: “Agreeableness is reflected in the desire for cooperation and social harmony. Agreeable people value cohesion with others, and are considerate, friendly, helpful, generous and willing to compromise to reconcile their interests with those of others. Agreeable people also have an optimistic view of human nature. They believe that people are inherently honest, reliable and “good”. Non-pleasant individuals put self-interest before cohesion with others. They are generally unconcerned about the welfare of others, and therefore unwilling to make an effort on their behalf. Sometimes their skepticism about others' motives makes them suspicious, unfriendly and closed to cooperation. Agreeableness is obviously an advantage when it comes to becoming and remaining popular. Agreeable people are liked more than disagreeable people. On the other hand, agreeableness is not favorable in situations that require hard or absolutely objective decisions. Unpleasant people can make excellent scientists, critics or soldiers. The terms “altruistic” and “egoistic” should not be attached to agreeableness, because “altruism” is a term in use in evolutionary biology (Kinship Selection) with a fundamentally different meaning from agreeableness.” | F107: “La gradevolezza si riflette nel desiderio di cooperazione e armonia sociale. Le persone d'accordo apprezzano la coesione con gli altri e sono premurose, amichevoli, disponibili, generose e disposte a scendere a compromessi per conciliare i propri interessi con quelli degli altri. Le persone d'accordo hanno anche una visione ottimistica della natura umana. Credono che le persone siano fondamentalmente oneste, affidabili e “buone”. Le persone non “gradevoli” antepongono i propri interessi personali alla coesione con gli altri. In genere non si preoccupano del benessere degli altri e quindi non sono disposte a fare uno sforzo per loro. A volte il loro scetticismo sulle motivazioni degli altri li rende sospettosi, poco amichevoli e chiusi alla cooperazione. L'essere d'accordo è chiaramente un vantaggio quando si tratta di diventare e rimanere popolari. Le persone d'accordo sono più apprezzate di quelle in disaccordo. D'altra parte, la gradevolezza non favorisce le situazioni che richiedono decisioni difficili o assolutamente obiettive. Le persone sgradevoli possono essere eccellenti scienziati, critici o soldati. I termini 'altruista' ed 'egoista' non dovrebbero essere associati alla gradevolezza, perché 'altruismo' è un termine usato in biologia evolutiva (selezione della parentela) con un significato fondamentalmente diverso dalla gradevolezza”.
A108: =OFFSET($C108,0,$Z$5-1) -> Le névrosisme, auquel il est souvent référé par son opposé : la stabilité émotionnelle désigne une disposition aux émotions négatives. Ceux dont les descriptions font état d'un fort névrosisme éprouvent facilement un sentiment négatif comme l'anxiété, la colère, la dépression. Ces personnes sont émotionnellement réactives : elles s'émeuvent plus que la moyenne face à des événements qui affectent peu ou pas la plupart des gens. Elles ont plus tendance à ressentir des situations ordinaires comme menaçantes, et des frustrations mineures comme plus difficiles à surmonter. Leurs réactions négatives durent plus longtemps, ce qui entraîne de la mauvaise humeur plus fréquente. Leurs émotions peuvent entraver leur capacité à raisonner, à prendre des décisions, à faire face aux situations stressantes. À l'opposé, un faible névrosisme désigne des personnes calmes, émotionnellement stables, qui éprouvent plutôt rarement de l'humeur négative de manière persistante. Peu de sentiments négatifs ne sont pas synonymes d'émotions positives fréquentes, c'est là une caractéristique de l'extraversion. | C108: „Neurotizismus, auf den häufig mit seinem Gegenteil verwiesen wird: emotionale Stabilität bezeichnet eine Bereitschaft zu negativen Emotionen. Diejenigen, in deren Beschreibungen von einem starken Neurotizismus die Rede ist, empfinden leicht ein negatives Gefühl wie Angst, Wut oder Depression. Diese Menschen sind emotional reaktiv: Sie sind überdurchschnittlich emotional bei Ereignissen, die die meisten Menschen wenig oder gar nicht betreffen. Sie neigen eher dazu, gewöhnliche Situationen als bedrohlich zu empfinden und kleinere Frustrationen als schwerer zu bewältigen. Ihre negativen Reaktionen halten länger an, was zu häufigerer schlechter Laune führt. Ihre Emotionen können ihre Fähigkeit, logisch zu denken, Entscheidungen zu treffen und mit stressigen Situationen umzugehen, beeinträchtigen. Im Gegensatz dazu bezeichnet ein geringer Neurotizismus ruhige, emotional stabile Personen, die eher selten anhaltend negative Stimmungen empfinden. Wenige negative Gefühle sind nicht gleichbedeutend mit häufigen positiven Emotionen, dies ist ein Merkmal von Extraversion“. | D108: Le névrosisme, auquel il est souvent référé par son opposé : la stabilité émotionnelle désigne une disposition aux émotions négatives. Ceux dont les descriptions font état d'un fort névrosisme éprouvent facilement un sentiment négatif comme l'anxiété, la colère, la dépression. Ces personnes sont émotionnellement réactives : elles s'émeuvent plus que la moyenne face à des événements qui affectent peu ou pas la plupart des gens. Elles ont plus tendance à ressentir des situations ordinaires comme menaçantes, et des frustrations mineures comme plus difficiles à surmonter. Leurs réactions négatives durent plus longtemps, ce qui entraîne de la mauvaise humeur plus fréquente. Leurs émotions peuvent entraver leur capacité à raisonner, à prendre des décisions, à faire face aux situations stressantes. À l'opposé, un faible névrosisme désigne des personnes calmes, émotionnellement stables, qui éprouvent plutôt rarement de l'humeur négative de manière persistante. Peu de sentiments négatifs ne sont pas synonymes d'émotions positives fréquentes, c'est là une caractéristique de l'extraversion. | E108: “Neuroticism, often referred to by its opposite: emotional stability, designates a disposition to negative emotions. People described as having a high degree of neuroticism easily experience negative feelings such as anxiety, anger or depression. These people are emotionally reactive: they are more moved than average by events that affect most people little or not at all. They are more likely to see ordinary situations as threatening, and minor frustrations as more difficult to overcome. Their negative reactions last longer, leading to more frequent bad moods. Their emotions can interfere with their ability to reason, make decisions and cope with stressful situations. In contrast, low neuroticism refers to calm, emotionally stable people who rarely experience persistent negative moods. Few negative feelings are not synonymous with frequent positive emotions; this is a characteristic of extraversion.” | F108: “Il nevroticismo, spesso indicato con il suo contrario: la stabilità emotiva, si riferisce alla disposizione alle emozioni negative. Le persone descritte con un alto grado di nevroticismo provano facilmente sentimenti negativi come ansia, rabbia o depressione. Queste persone sono emotivamente reattive: si commuovono più della media per eventi che colpiscono poco o per nulla la maggior parte delle persone. È più probabile che vedano le situazioni ordinarie come minacciose e le piccole frustrazioni come più difficili da superare. Le loro reazioni negative durano più a lungo, portando a malumori più frequenti. Le loro emozioni possono interferire con la capacità di ragionare, prendere decisioni e affrontare situazioni stressanti. Al contrario, un basso nevroticismo si riferisce a persone calme ed emotivamente stabili che raramente sperimentano stati d'animo negativi persistenti. Pochi sentimenti negativi non sono sinonimo di frequenti emozioni positive; questa è una caratteristica dell'estroversione”.
A109: =OFFSET($C109,0,$Z$5-1) -> Source: McCrae, R. R. & Costa, P. T. (1990). Personality in adulthood. New York: The Guildford Press | C109: Quelle: McCrae, R. R. & Costa, P. T. (1990). Persönlichkeit im Erwachsenenalter. New York: The Guildford Press | D109: Source: McCrae, R. R. & Costa, P. T. (1990). Personality in adulthood. New York: The Guildford Press | E109: Source: McCrae, R. R. & Costa, P. T. (1990). Personality in adulthood. New York: The Guildford Press | F109: Fonte: McCrae, R. R. & Costa, P. T. (1990). La personalità in età adulta. New York: The Guildford Press
A110: =OFFSET($C110,0,$Z$5-1) -> 0
A111: =OFFSET($C111,0,$Z$5-1) -> 0
A112: =OFFSET($C112,0,$Z$5-1) -> 0
A113: =OFFSET($C113,0,$Z$5-1) -> 0
A114: =OFFSET($C114,0,$Z$5-1) -> 0
A115: =OFFSET($C115,0,$Z$5-1) -> 0
A116: =OFFSET($C116,0,$Z$5-1) -> 0
A117: =OFFSET($C117,0,$Z$5-1) -> 0
A118: =OFFSET($C118,0,$Z$5-1) -> 0
A119: =OFFSET($C119,0,$Z$5-1) -> 0
A120: =OFFSET($C120,0,$Z$5-1) -> 0
A121: =OFFSET($C121,0,$Z$5-1) -> 0
... A166: =OFFSET($C166,0,$Z$5-1) -> 0
A167: =OFFSET($C167,0,$Z$5-1) -> 0 | E167: p. 3/3
A168: =OFFSET($C168,0,$Z$5-1) -> 0
A169: =OFFSET($C169,0,$Z$5-1) -> 0
A170: =OFFSET($C170,0,$Z$5-1) -> 0
A171: =OFFSET($C171,0,$Z$5-1) -> 0
A172: =OFFSET($C172,0,$Z$5-1) -> 0
A173: =OFFSET($C173,0,$Z$5-1) -> 0
A174: =OFFSET($C174,0,$Z$5-1) -> 0
A175: =OFFSET($C175,0,$Z$5-1) -> 0
A176: =OFFSET($C176,0,$Z$5-1) -> 0
A177: =OFFSET($C177,0,$Z$5-1) -> 0
A178: =OFFSET($C178,0,$Z$5-1) -> 0
A179: =OFFSET($C179,0,$Z$5-1) -> 0
... A211: =OFFSET($C211,0,$Z$5-1) -> 0
A212: =OFFSET($C212,0,$Z$5-1) -> Management Developement Questionnaire (MDQ) : Évaluation | C212: Management Developement Questionnaire (MDQ): Auswertung | D212: Management Developement Questionnaire (MDQ) : Évaluation
A213: =OFFSET($C213,0,$Z$5-1) -> Paramètre | C213: Dimension | D213: Paramètre
A214: =OFFSET($C214,0,$Z$5-1) -> Description | C214: Beschreibung | D214: Description
A215: =OFFSET($C215,0,$Z$5-1) -> Gestion du changement | C215: Umgang mit Veränderungen | D215: Gestion du changement
A216: =OFFSET($C216,0,$Z$5-1) -> Planification et organisation | C216: Planung und Organisation | D216: Planification et organisation
A217: =OFFSET($C217,0,$Z$5-1) -> Compétences sociales | C217: Sozialkompetenz | D217: Compétences sociales
A218: =OFFSET($C218,0,$Z$5-1) -> Focalisation sur le résultat | C218: Ergebnisorientierung | D218: Focalisation sur le résultat
A219: =OFFSET($C219,0,$Z$5-1) -> Leadership | C219: Leadership | D219: Leadership
A220: =OFFSET($C220,0,$Z$5-1) -> Facteur-clé | C220: Schlüsselfaktor | D220: Facteur-clé
A221: =OFFSET($C221,0,$Z$5-1) -> M1 : Esprit d'initiative | C221: M1: Initiative | D221: M1 : Esprit d'initiative
A222: =OFFSET($C222,0,$Z$5-1) -> M2 : Aptitude au risque | C222: M2: Risikobereitschaft | D222: M2 : Aptitude au risque
A223: =OFFSET($C223,0,$Z$5-1) -> M3 : Créativité et capacité d'innovation | C223: M3: Kreativität und Innovationsfähigkeit | D223: M3 : Créativité et capacité d'innovation
... A283: =OFFSET($C283,0,$Z$5-1) -> Pour le choix des mesures de développement, concentrez-vous sur les deux domaines les plus susceptibles d’améliorer votre performance au travail. Définissez des objectifs d’apprentissage spécifiques pour ces domaines de développement. | C283: Bei der Klärung der Frage, welche Entwicklungsmassnahmen Sie ergreifen sollten, konzentrieren Sie sich am besten auf einen oder zwei Entwicklungsbereich(e), der/die Ihre künftige Arbeitsleistung mit hoher Wahrscheinlichkeit am meisten zu steigern vermögen. Setzen Sie sich in diesen Entwicklungsbereichen spezifische Lernziele. | D283: Pour le choix des mesures de développement, concentrez-vous sur les deux domaines les plus susceptibles d’améliorer votre performance au travail. Définissez des objectifs d’apprentissage spécifiques pour ces domaines de développement.
A284: =OFFSET($C284,0,$Z$5-1) -> Votre profil | C284: Ihr Profil | D284: Votre profil | E284: Your profile
A285: =OFFSET($C285,0,$Z$5-1) -> de réponses aux questions | C285: beantwortete Fragen | D285: de réponses aux questions | E285: of answered questions
A286: =OFFSET($C286,0,$Z$5-1) -> Résumé et potentiel de développement | C286: Zusammenfassung und Entwicklungspotenzial | D286: Résumé et potentiel de développement
A287: =OFFSET($C287,0,$Z$5-1) -> Moi | C287: Ich | D287: Moi | E287: Me
A288: =OFFSET($C288,0,$Z$5-1) -> Moyenne cadres international (N=6'118) | C288: Mittelwert Führungskräfte international (N=6'118) | D288: Moyenne cadres international (N=6'118)
A289: =OFFSET($C289,0,$Z$5-1) -> Moyenne formation professionnelle (N=140) | C289: Mittelwert Berufsbildung (N=140) | D289: Moyenne formation professionnelle (N=140)
A290: =OFFSET($C290,0,$Z$5-1) -> Vous vous adaptez facilement aux nouvelles stratégies et vous gérez bien les changements. Vous abordez les problèmes de manière innovante et créative, prenez des initiatives et incitez des changements. | C290: Sie passen sich gut an neue Strategien an und können gut mit Veränderungen umgehen. Sie gehen Probleme innovativ und kreativ an, ergreifen die Initiative und veranlassen Änderungen. | D290: Vous vous adaptez facilement aux nouvelles stratégies et vous gérez bien les changements. Vous abordez les problèmes de manière innovante et créative, prenez des initiatives et incitez des changements.
A291: =OFFSET($C291,0,$Z$5-1) -> En général, vous vous adaptez facilement aux nouvelles stratégies et gérez relativement bien les changements. Vous abordez les problèmes de manière moyennement innovante et créative. | C291: Sie passen sich in der Regel gut an neue Strategien an und gehen ziemlich gut mit Veränderungen um. Sie sind im Umgang mit Problemen durchschnittlich innovativ und kreativ. | D291: En général, vous vous adaptez facilement aux nouvelles stratégies et gérez relativement bien les changements. Vous abordez les problèmes de manière moyennement innovante et créative.
A292: =OFFSET($C292,0,$Z$5-1) -> Vous ne vous adaptez que lentement aux nouvelles stratégies et vous avez tendance à résister au changement. Vous préférez utiliser des méthodes éprouvées. Vous laissez à d’autres le soin de prendre des initiatives ou d’initier des changements. | C292: Sie passen sich nur langsam an neue Strategien an und neigen dazu, Veränderungen abzulehnen. Sie ziehen es vor, bewährte und erprobte Methoden zu nutzen; Sie überlassen es anderen, die Initiative zu ergreifen und Änderungen zu veranlassen. | D292: Vous ne vous adaptez que lentement aux nouvelles stratégies et vous avez tendance à résister au changement. Vous préférez utiliser des méthodes éprouvées. Vous laissez à d’autres le soin de prendre des initiatives ou d’initier des changements.
A293: =OFFSET($C293,0,$Z$5-1) -> Remarques/objectifs | C293: Bemerkungen/Ziele | D293: Remarques/objectifs
A294: =OFFSET($C294,0,$Z$5-1) -> Vous analysez les problèmes, vous êtes prévoyant-e et vous travaillez de manière méthodique et systématique. Vous prenez la responsabilité de vos actes et vous prenez des décisions sans hésiter. | C294: Sie analysieren Probleme, planen voraus und arbeiten methodisch und systematisch. Sie übernehmen Verantwortung für Ihr Handeln und treffen Entscheidungen ohne Zögern. | D294: Vous analysez les problèmes, vous êtes prévoyant-e et vous travaillez de manière méthodique et systématique. Vous prenez la responsabilité de vos actes et vous prenez des décisions sans hésiter.
A295: =OFFSET($C295,0,$Z$5-1) -> Vous analysez les problèmes et vous vous montrez prévoyant-e dans une certaine mesure. En règle générale, vous êtes bien préparé-e et vous prenez la plupart de vos décisions assez rapidement. | C295: Sie analysieren Probleme und planen in durchschnittlichem Masse voraus. Sie sind meistens recht gut vorbereitet und treffen die meisten Ihrer Entscheidungen relativ schnell. | D295: Vous analysez les problèmes et vous vous montrez prévoyant-e dans une certaine mesure. En règle générale, vous êtes bien préparé-e et vous prenez la plupart de vos décisions assez rapidement.
A296: =OFFSET($C296,0,$Z$5-1) -> Vous préférez résoudre les problèmes une fois qu’ils se posent plutôt que de les prévoir. Vous donnez aux autres l’impression d’être peu organisé-e et vous évitez de prendre la responsabilité de vos actes. Vous hésitez à prendre des décisions. | C296: Sie bevorzugen es, Probleme zu lösen, wenn Sie auftauchen, statt vorauszuplanen. Sie wirken auf andere ziemlich unorganisiert und vermeiden es, Verantwortung für Ihr Handeln zu übernehmen. Entscheidungen treffen Sie nur zögerlich. | D296: Vous préférez résoudre les problèmes une fois qu’ils se posent plutôt que de les prévoir. Vous donnez aux autres l’impression d’être peu organisé-e et vous évitez de prendre la responsabilité de vos actes. Vous hésitez à prendre des décisions.
...

Sheet NEO_S1
C1: =' '!A10 -> Inventaire NEO des cinq facteurs (Big Five) selon Costa et McCrae | U1: =U3 -> myName
H2: A | J2: B | L2: C | N2: D | P2: E
B3: =' '!A18 -> Fort désaccord si vous n'êtes absolument pas d'accord avec l'affirmation ou si vous la jugez totalement inexacte. | H3: =' '!A11 -> désapprouve fortement | J3: =' '!A12 -> désapprouve un peu | L3: =' '!A13 -> n’approuve ni ne dé_x0002_sapprouve | N3: =' '!A14 -> approuve un peu | P3: =' '!A15 -> approuve fortement | S3: =CONCATENATE(S11," / 60") -> 0 / 60 | T3: =' '!A6 -> Nom | U3: myName
B4: =' '!A19 -> Désapprobation, si vous êtes plutôt en désaccord avec l'affirmation ou si vous pensez qu'elle est inexacte. | T4: =' '!A7 -> Date | U4: =TODAY() -> 45700
B5: =' '!A20 -> Neutre, si l'affirmation n'est ni juste ni fausse, c'est-à-dire ni vraie ni fausse.
B6: =' '!A21 -> D'accord, si vous êtes plutôt d'accord avec l'affirmation ou si vous la trouvez pertinente. | T6: =S8/60 -> 0
C7: =' '!A22 -> Fortement d'accord, si vous êtes fortement d'accord avec l'affirmation ou si vous pensez qu'elle est tout à fait correcte. | T7: =' '!A9 -> ← Pour effacer les réponses, s.v.p supprimez les points dans cette colonne.
S8: =COUNT($S$12:$S$71) -> 0
S11: =COUNT($S$12:$S$71) -> 0 | T11: =' '!A8 -> Remarques | W11: Nr. | X11: code | Y11: Pkt | Z11: Dim | AE11: Summe | AF11: =12*4 -> 48
A12: =ABS(S12-T12) -> #VALUE! | C12: 1 | E12: =' '!A26 -> Je ne m'inquiète pas facilement. | T12: =' '!A23 -> « Il n'y a pas de « bonne » ou de « mauvaise » réponse à ce questionnaire. Vous n'avez pas besoin d'être un.e expert.e pour répondre correctement au questionnaire. Le meilleur moyen d'atteindre l'objectif de l'enquête est de répondre aux questions le plus honnêtement possible. Veuillez lire attentivement chaque affirmation et cocher la catégorie qui exprime le mieux votre point de vue. Veuillez évaluer les 60 affirmations rapidement, mais soigneusement. N'omettez aucune affirmation. Même si vous avez du mal à vous décider, cochez quand même toujours une réponse, celle qui vous correspond le mieux ». | W12: 1 | X12: 5 | Y12: =IF(S12<>"", IF(X12=5, IF(S12=1,4, IF(S12=2,3, IF(S12=3,2, IF(S12=4,1, IF(S12=5,0))))),S12),0) -> 0 | Z12: N | AC12: =' '!A86 -> Névrosisme | AE12: =Y12+Y17+Y22+Y27+Y32+Y37+Y42+Y47+Y52+Y57+Y62+Y67 -> 0 | AF12: =AE12/$AF$11 -> 0
A13: =ABS(S13-T13) -> 0 | C13: 2 | E13: =' '!A27 -> J'aime avoir beaucoup de monde autour de moi. | W13: 2 | X13: 5 | Y13: =IF(S13<>"", IF(X13=5, IF(S13=1,0, IF(S13=2,1, IF(S13=3,2, IF(S13=4,3, IF(S13=5,4))))),S13),0) -> 0 | Z13: E | AC13: =' '!A87 -> Extraversion | AE13: =Y13+Y18+Y23+Y28+Y33+Y38+Y43+Y48+Y53+Y58+Y63+Y68 -> 0 | AF13: =AE13/$AF$11 -> 0
A14: =ABS(S14-T14) -> 0 | C14: 3 | E14: =' '!A28 -> Je n'aime pas perdre mon temps à rêvasser. | W14: 3 | X14: 5 | Y14: =IF(S14<>"", IF(X14=5, IF(S14=1,4, IF(S14=2,3, IF(S14=3,2, IF(S14=4,1, IF(S14=5,0))))),S14),0) -> 0 | Z14: O | AC14: =' '!A88 -> Ouverture à l'expérience | AE14: =Y14+Y19+Y24+Y29+Y34+Y39+Y44+Y49+Y54+Y59+Y64+Y69 -> 0 | AF14: =AE14/$AF$11 -> 0
A15: =ABS(S15-T15) -> 0 | C15: 4 | E15: =' '!A29 -> J'essaie d'être aimable avec toutes les personnes que je rencontre. | W15: 4 | X15: 5 | Y15: =IF(S15<>"", IF(X15=5, IF(S15=1,0, IF(S15=2,1, IF(S15=3,2, IF(S15=4,3, IF(S15=5,4))))),S15),0) -> 0 | Z15: V | AC15: =' '!A89 -> Agréabilité | AE15: =Y15+Y20+Y25+Y30+Y35+Y40+Y45+Y50+Y55+Y60+Y65+Y70 -> 0 | AF15: =AE15/$AF$11 -> 0
A16: =ABS(S16-T16) -> 0 | C16: 5 | E16: =' '!A30 -> Je garde mes affaires en ordre et propres. | W16: 5 | X16: 5 | Y16: =IF(S16<>"", IF(X16=5, IF(S16=1,0, IF(S16=2,1, IF(S16=3,2, IF(S16=4,3, IF(S16=5,4))))),S16),0) -> 0 | Z16: G | AC16: =' '!A90 -> Conscience | AE16: =Y16+Y21+Y26+Y31+Y36+Y41+Y46+Y51+Y56+Y61+Y66+Y71 -> 0 | AF16: =AE16/$AF$11 -> 0
A17: =ABS(S17-T17) -> 0 | C17: 6 | E17: =' '!A31 -> Je me sens souvent inférieur aux autres. | W17: 6 | X17: 5 | Y17: =IF(S17<>"", IF(X17=5, IF(S17=1,0, IF(S17=2,1, IF(S17=3,2, IF(S17=4,3, IF(S17=5,4))))),S17),0) -> 0 | Z17: N | AE17: =SUM(AE12:AE16) -> 0
A18: =ABS(S18-T18) -> 0 | C18: 7 | E18: =' '!A32 -> Il est facile de me faire rire. | W18: 7 | X18: 5 | Y18: =IF(S18<>"", IF(X18=5, IF(S18=1,0, IF(S18=2,1, IF(S18=3,2, IF(S18=4,3, IF(S18=5,4))))),S18),0) -> 0 | Z18: E
A19: =ABS(S19-T19) -> 0 | C19: 8 | E19: =' '!A33 -> Je trouve les discussions philosophiques ennuyeuses. | W19: 8 | X19: 5 | Y19: =IF(S19<>"", IF(X19=5, IF(S19=1,4, IF(S19=2,3, IF(S19=3,2, IF(S19=4,1, IF(S19=5,0))))),S19),0) -> 0 | Z19: O
A20: =ABS(S20-T20) -> 0 | C20: 9 | E20: =' '!A34 -> Je me dispute souvent avec ma famille et mes collègues. | W20: 9 | X20: 5 | Y20: =IF(S20<>"", IF(X20=5, IF(S20=1,4, IF(S20=2,3, IF(S20=3,2, IF(S20=4,1, IF(S20=5,0))))),S20),0) -> 0 | Z20: V
A21: =ABS(S21-T21) -> 0 | C21: 10 | E21: =' '!A35 -> Je gère bien mon temps, de sorte que je termine mes affaires à temps. | W21: 10 | X21: 5 | Y21: =IF(S21<>"", IF(X21=5, IF(S21=1,0, IF(S21=2,1, IF(S21=3,2, IF(S21=4,3, IF(S21=5,4))))),S21),0) -> 0 | Z21: G
A22: =ABS(S22-T22) -> 0 | C22: 11 | E22: =' '!A36 -> Lorsque je suis soumis à un stress important, j'ai parfois l'impression de m'effondrer. | W22: 11 | X22: 5 | Y22: =IF(S22<>"", IF(X22=5, IF(S22=1,0, IF(S22=2,1, IF(S22=3,2, IF(S22=4,3, IF(S22=5,4))))),S22),0) -> 0 | Z22: N
A23: =ABS(S23-T23) -> 0 | C23: 12 | E23: =' '!A37 -> Je ne me considère pas comme particulièrement joyeux. | W23: 12 | X23: 5 | Y23: =IF(S23<>"", IF(X23=5, IF(S23=1,4, IF(S23=2,3, IF(S23=3,2, IF(S23=4,1, IF(S23=5,0))))),S23),0) -> 0 | Z23: E
A24: =ABS(S24-T24) -> 0 | C24: 13 | E24: =' '!A38 -> Ce qui me passionne, ce sont les motifs que je trouve dans l'art et la nature. | W24: 13 | X24: 5 | Y24: =IF(S24<>"", IF(X24=5, IF(S24=1,0, IF(S24=2,1, IF(S24=3,2, IF(S24=4,3, IF(S24=5,4))))),S24),0) -> 0 | Z24: O
A25: =ABS(S25-T25) -> 0 | C25: 14 | E25: =' '!A39 -> Certaines personnes pensent que je suis égoïste et suffisant. | W25: 14 | X25: 5 | Y25: =IF(S25<>"", IF(X25=5, IF(S25=1,4, IF(S25=2,3, IF(S25=3,2, IF(S25=4,1, IF(S25=5,0))))),S25),0) -> 0 | Z25: V
A26: =ABS(S26-T26) -> 0 | C26: 15 | E26: =' '!A40 -> Je ne suis pas une personne très méthodique. | W26: 15 | X26: 5 | Y26: =IF(S26<>"", IF(X26=5, IF(S26=1,4, IF(S26=2,3, IF(S26=3,2, IF(S26=4,1, IF(S26=5,0))))),S26),0) -> 0 | Z26: G
A27: =ABS(S27-T27) -> 0 | C27: 16 | E27: =' '!A41 -> Je me sens rarement seul ou triste. | W27: 16 | X27: 5 | Y27: =IF(S27<>"", IF(X27=5, IF(S27=1,4, IF(S27=2,3, IF(S27=3,2, IF(S27=4,1, IF(S27=5,0))))),S27),0) -> 0 | Z27: N
A28: =ABS(S28-T28) -> 0 | C28: 17 | E28: =' '!A42 -> J'aime vraiment discuter avec les autres. | W28: 17 | X28: 5 | Y28: =IF(S28<>"", IF(X28=5, IF(S28=1,0, IF(S28=2,1, IF(S28=3,2, IF(S28=4,3, IF(S28=5,4))))),S28),0) -> 0 | Z28: E
A29: =ABS(S29-T29) -> 0 | C29: 18 | E29: =' '!A43 -> Je pense que le fait de laisser des personnes écouter des orateurs qui défendent des points de vue controversés ne fait souvent que les confondre et les induire en erreur. | W29: 18 | X29: 5 | Y29: =IF(S29<>"", IF(X29=5, IF(S29=1,4, IF(S29=2,3, IF(S29=3,2, IF(S29=4,1, IF(S29=5,0))))),S29),0) -> 0 | Z29: O
A30: =ABS(S30-T30) -> 0 | C30: 19 | E30: =' '!A44 -> Je préfère collaborer avec les autres plutôt que de rivaliser avec eux. | W30: 19 | X30: 5 | Y30: =IF(S30<>"", IF(X30=5, IF(S30=1,0, IF(S30=2,1, IF(S30=3,2, IF(S30=4,3, IF(S30=5,4))))),S30),0) -> 0 | Z30: V
A31: =ABS(S31-T31) -> 0 | C31: 20 | E31: =' '!A45 -> J'essaie d'accomplir toutes les tâches qui me sont confiées très consciencieusement. | W31: 20 | X31: 5 | Y31: =IF(S31<>"", IF(X31=5, IF(S31=1,0, IF(S31=2,1, IF(S31=3,2, IF(S31=4,3, IF(S31=5,4))))),S31),0) -> 0 | Z31: G
A32: =ABS(S32-T32) -> 0 | C32: 21 | E32: =' '!A46 -> Je me sens souvent tendu et nerveux. | W32: 21 | X32: 5 | Y32: =IF(S32<>"", IF(X32=5, IF(S32=1,0, IF(S32=2,1, IF(S32=3,2, IF(S32=4,3, IF(S32=5,4))))),S32),0) -> 0 | Z32: N
A33: =ABS(S33-T33) -> 0 | C33: 22 | E33: =' '!A47 -> J'aime être au centre de l'action. | W33: 22 | X33: 5 | Y33: =IF(S33<>"", IF(X33=5, IF(S33=1,0, IF(S33=2,1, IF(S33=3,2, IF(S33=4,3, IF(S33=5,4))))),S33),0) -> 0 | Z33: E
A34: =ABS(S34-T34) -> 0 | C34: 23 | E34: =' '!A48 -> La poésie m'impressionne peu ou pas du tout. | W34: 23 | X34: 5 | Y34: =IF(S34<>"", IF(X34=5, IF(S34=1,4, IF(S34=2,3, IF(S34=3,2, IF(S34=4,1, IF(S34=5,0))))),S34),0) -> 0 | Z34: O
A35: =ABS(S35-T35) -> 0 | C35: 24 | E35: =' '!A49 -> Je suis plutôt cynique et sceptique quant aux intentions des autres. | W35: 24 | X35: 5 | Y35: =IF(S35<>"", IF(X35=5, IF(S35=1,4, IF(S35=2,3, IF(S35=3,2, IF(S35=4,1, IF(S35=5,0))))),S35),0) -> 0 | Z35: V
A36: =ABS(S36-T36) -> 0 | C36: 25 | E36: =' '!A50 -> J'ai une série d'objectifs clairs et je travaille systématiquement à les atteindre. | W36: 25 | X36: 5 | Y36: =IF(S36<>"", IF(X36=5, IF(S36=1,0, IF(S36=2,1, IF(S36=3,2, IF(S36=4,3, IF(S36=5,4))))),S36),0) -> 0 | Z36: G
A37: =ABS(S37-T37) -> 0 | C37: 26 | E37: =' '!A51 -> Parfois, je me sens complètement inutile. | W37: 26 | X37: 5 | Y37: =IF(S37<>"", IF(X37=5, IF(S37=1,0, IF(S37=2,1, IF(S37=3,2, IF(S37=4,3, IF(S37=5,4))))),S37),0) -> 0 | Z37: N
A38: =ABS(S38-T38) -> 0 | C38: 27 | E38: =' '!A52 -> Je préfère généralement faire les choses seul. | W38: 27 | X38: 5 | Y38: =IF(S38<>"", IF(X38=5, IF(S38=1,4, IF(S38=2,3, IF(S38=3,2, IF(S38=4,1, IF(S38=5,0))))),S38),0) -> 0 | Z38: E
A39: =ABS(S39-T39) -> 0 | C39: 28 | E39: =' '!A53 -> J'essaie souvent des plats nouveaux et inconnus. | W39: 28 | X39: 5 | Y39: =IF(S39<>"", IF(X39=5, IF(S39=1,0, IF(S39=2,1, IF(S39=3,2, IF(S39=4,3, IF(S39=5,4))))),S39),0) -> 0 | Z39: O
A40: =ABS(S40-T40) -> 0 | C40: 29 | E40: =' '!A54 -> Je pense que si on laisse faire, la plupart des gens profitent de nous. | W40: 29 | X40: 5 | Y40: =IF(S40<>"", IF(X40=5, IF(S40=1,4, IF(S40=2,3, IF(S40=3,2, IF(S40=4,1, IF(S40=5,0))))),S40),0) -> 0 | Z40: V
A41: =ABS(S41-T41) -> 0 | C41: 30 | E41: =' '!A55 -> Je passe beaucoup de temps avant de commencer un travail. | W41: 30 | X41: 5 | Y41: =IF(S41<>"", IF(X41=5, IF(S41=1,4, IF(S41=2,3, IF(S41=3,2, IF(S41=4,1, IF(S41=5,0))))),S41),0) -> 0 | Z41: G
A42: =ABS(S42-T42) -> 0 | C42: 31 | E42: =' '!A56 -> Je ressens rarement de la peur ou de l'anxiété. | W42: 31 | X42: 5 | Y42: =IF(S42<>"", IF(X42=5, IF(S42=1,4, IF(S42=2,3, IF(S42=3,2, IF(S42=4,1, IF(S42=5,0))))),S42),0) -> 0 | Z42: N
A43: =ABS(S43-T43) -> 0 | C43: 32 | E43: =' '!A57 -> J'ai souvent l'impression de déborder d'énergie. | W43: 32 | X43: 5 | Y43: =IF(S43<>"", IF(X43=5, IF(S43=1,0, IF(S43=2,1, IF(S43=3,2, IF(S43=4,3, IF(S43=5,4))))),S43),0) -> 0 | Z43: E
A44: =ABS(S44-T44) -> 0 | C44: 33 | E44: =' '!A58 -> Je ne prends que rarement note des humeurs ou des sentiments que suscitent différents environnements. | W44: 33 | X44: 5 | Y44: =IF(S44<>"", IF(X44=5, IF(S44=1,4, IF(S44=2,3, IF(S44=3,2, IF(S44=4,1, IF(S44=5,0))))),S44),0) -> 0 | Z44: O
A45: =ABS(S45-T45) -> 0 | C45: 34 | E45: =' '!A59 -> La plupart des gens que je connais m'apprécient. | W45: 34 | X45: 5 | Y45: =IF(S45<>"", IF(X45=5, IF(S45=1,0, IF(S45=2,1, IF(S45=3,2, IF(S45=4,3, IF(S45=5,4))))),S45),0) -> 0 | Z45: V
A46: =ABS(S46-T46) -> 0 | C46: 35 | E46: =' '!A60 -> Je travaille dur pour atteindre mes objectifs. | W46: 35 | X46: 5 | Y46: =IF(S46<>"", IF(X46=5, IF(S46=1,0, IF(S46=2,1, IF(S46=3,2, IF(S46=4,3, IF(S46=5,4))))),S46),0) -> 0 | Z46: G
A47: =ABS(S47-T47) -> 0 | C47: 36 | E47: =' '!A61 -> Je suis souvent agacé par la manière dont les autres me traitent. | W47: 36 | X47: 5 | Y47: =IF(S47<>"", IF(X47=5, IF(S47=1,0, IF(S47=2,1, IF(S47=3,2, IF(S47=4,3, IF(S47=5,4))))),S47),0) -> 0 | Z47: N
A48: =ABS(S48-T48) -> 0 | C48: 37 | E48: =' '!A62 -> Je suis une personne joyeuse et de bonne humeur. | W48: 37 | X48: 5 | Y48: =IF(S48<>"", IF(X48=5, IF(S48=1,0, IF(S48=2,1, IF(S48=3,2, IF(S48=4,3, IF(S48=5,4))))),S48),0) -> 0 | Z48: E
A49: =ABS(S49-T49) -> 0 | C49: 38 | E49: =' '!A63 -> Je pense que nous devrions tenir compte des opinions de nos autorités religieuses lorsque nous prenons des décisions éthiques. | W49: 38 | X49: 5 | Y49: =IF(S49<>"", IF(X49=5, IF(S49=1,4, IF(S49=2,3, IF(S49=3,2, IF(S49=4,1, IF(S49=5,0))))),S49),0) -> 0 | Z49: O
A50: =ABS(S50-T50) -> 0 | C50: 39 | E50: =' '!A64 -> Certaines personnes pensent que je suis froide et calculatrice. | W50: 39 | X50: 5 | Y50: =IF(S50<>"", IF(X50=5, IF(S50=1,4, IF(S50=2,3, IF(S50=3,2, IF(S50=4,1, IF(S50=5,0))))),S50),0) -> 0 | Z50: V
A51: =ABS(S51-T51) -> 0 | C51: 40 | E51: =' '!A65 -> Si je prends un engagement, on peut certainement compter sur moi. | W51: 40 | X51: 5 | Y51: =IF(S51<>"", IF(X51=5, IF(S51=1,0, IF(S51=2,1, IF(S51=3,2, IF(S51=4,3, IF(S51=5,4))))),S51),0) -> 0 | Z51: G
A52: =ABS(S52-T52) -> 0 | C52: 41 | E52: =' '!A66 -> Trop souvent, je me décourage et j'ai envie d'abandonner quand les choses vont mal. | W52: 41 | X52: 5 | Y52: =IF(S52<>"", IF(X52=5, IF(S52=1,0, IF(S52=2,1, IF(S52=3,2, IF(S52=4,3, IF(S52=5,4))))),S52),0) -> 0 | Z52: N
A53: =ABS(S53-T53) -> 0 | C53: 42 | E53: =' '!A67 -> Je ne suis pas un optimiste de bonne humeur. | W53: 42 | X53: 5 | Y53: =IF(S53<>"", IF(X53=5, IF(S53=1,4, IF(S53=2,3, IF(S53=3,2, IF(S53=4,1, IF(S53=5,0))))),S53),0) -> 0 | Z53: E
A54: =ABS(S54-T54) -> 0 | C54: 43 | E54: =' '!A68 -> Lorsque je lis de la littérature ou que j'observe une œuvre d'art, il m'arrive de ressentir un frisson ou une vague d'enthousiasme. | W54: 43 | X54: 5 | Y54: =IF(S54<>"", IF(X54=5, IF(S54=1,0, IF(S54=2,1, IF(S54=3,2, IF(S54=4,3, IF(S54=5,4))))),S54),0) -> 0 | Z54: O
A55: =ABS(S55-T55) -> 0 | C55: 44 | E55: =' '!A69 -> En ce qui concerne mes attitudes, je suis sobre et intransigeant. | W55: 44 | X55: 5 | Y55: =IF(S55<>"", IF(X55=5, IF(S55=1,4, IF(S55=2,3, IF(S55=3,2, IF(S55=4,1, IF(S55=5,0))))),S55),0) -> 0 | Z55: V
A56: =ABS(S56-T56) -> 0 | C56: 45 | E56: =' '!A70 -> Parfois, je ne suis pas aussi fiable ou digne de confiance que je devrais l'être. | W56: 45 | X56: 5 | Y56: =IF(S56<>"", IF(X56=5, IF(S56=1,4, IF(S56=2,3, IF(S56=3,2, IF(S56=4,1, IF(S56=5,0))))),S56),0) -> 0 | Z56: G
A57: =ABS(S57-T57) -> 0 | C57: 46 | E57: =' '!A71 -> Je suis rarement triste ou déprimé. | W57: 46 | X57: 5 | Y57: =IF(S57<>"", IF(X57=5, IF(S57=1,4, IF(S57=2,3, IF(S57=3,2, IF(S57=4,1, IF(S57=5,0))))),S57),0) -> 0 | Z57: N
A58: =ABS(S58-T58) -> 0 | C58: 47 | E58: =' '!A72 -> Je mène une vie trépidante. | W58: 47 | X58: 5 | Y58: =IF(S58<>"", IF(X58=5, IF(S58=1,0, IF(S58=2,1, IF(S58=3,2, IF(S58=4,3, IF(S58=5,4))))),S58),0) -> 0 | Z58: E
A59: =ABS(S59-T59) -> 0 | C59: 48 | E59: =' '!A73 -> Je n'ai que peu d'intérêt à spéculer sur la nature de l'univers ou la situation de l'humanité. | W59: 48 | X59: 5 | Y59: =IF(S59<>"", IF(X59=5, IF(S59=1,4, IF(S59=2,3, IF(S59=3,2, IF(S59=4,1, IF(S59=5,0))))),S59),0) -> 0 | Z59: O
A60: =ABS(S60-T60) -> 0 | C60: 49 | E60: =' '!A74 -> J'essaie toujours d'agir avec considération et sensibilité. | W60: 49 | X60: 5 | Y60: =IF(S60<>"", IF(X60=5, IF(S60=1,0, IF(S60=2,1, IF(S60=3,2, IF(S60=4,3, IF(S60=5,4))))),S60),0) -> 0 | Z60: V
A61: =ABS(S61-T61) -> 0 | C61: 50 | E61: =' '!A75 -> Je suis une personne efficace qui fait toujours son travail. | W61: 50 | X61: 5 | Y61: =IF(S61<>"", IF(X61=5, IF(S61=1,0, IF(S61=2,1, IF(S61=3,2, IF(S61=4,3, IF(S61=5,4))))),S61),0) -> 0 | Z61: G
A62: =ABS(S62-T62) -> 0 | C62: 51 | E62: =' '!A76 -> Je me sens souvent impuissant(e) et je souhaite qu'une personne résolve mes problèmes. | W62: 51 | X62: 5 | Y62: =IF(S62<>"", IF(X62=5, IF(S62=1,0, IF(S62=2,1, IF(S62=3,2, IF(S62=4,3, IF(S62=5,4))))),S62),0) -> 0 | Z62: N
A63: =ABS(S63-T63) -> 0 | C63: 52 | E63: =' '!A77 -> Je suis une personne très active. | W63: 52 | X63: 5 | Y63: =IF(S63<>"", IF(X63=5, IF(S63=1,0, IF(S63=2,1, IF(S63=3,2, IF(S63=4,3, IF(S63=5,4))))),S63),0) -> 0 | Z63: E
A64: =ABS(S64-T64) -> 0 | C64: 53 | E64: =' '!A78 -> J'ai une grande soif d'apprendre. | W64: 53 | X64: 5 | Y64: =IF(S64<>"", IF(X64=5, IF(S64=1,0, IF(S64=2,1, IF(S64=3,2, IF(S64=4,3, IF(S64=5,4))))),S64),0) -> 0 | Z64: O
A65: =ABS(S65-T65) -> 0 | C65: 54 | E65: =' '!A79 -> Si je n'aime pas les gens, je le leur montre ouvertement. | W65: 54 | X65: 5 | Y65: =IF(S65<>"", IF(X65=5, IF(S65=1,4, IF(S65=2,3, IF(S65=3,2, IF(S65=4,1, IF(S65=5,0))))),S65),0) -> 0 | Z65: V
A66: =ABS(S66-T66) -> 0 | C66: 55 | E66: =' '!A80 -> Je ne serai sans doute jamais capable de mettre de l'ordre dans ma vie. | W66: 55 | X66: 5 | Y66: =IF(S66<>"", IF(X66=5, IF(S66=1,4, IF(S66=2,3, IF(S66=3,2, IF(S66=4,1, IF(S66=5,0))))),S66),0) -> 0 | Z66: G
A67: =ABS(S67-T67) -> 0 | C67: 56 | E67: =' '!A81 -> Parfois, j'étais tellement gêné que je préférais me cacher. | W67: 56 | X67: 5 | Y67: =IF(S67<>"", IF(X67=5, IF(S67=1,0, IF(S67=2,1, IF(S67=3,2, IF(S67=4,3, IF(S67=5,4))))),S67),0) -> 0 | Z67: N
A68: =ABS(S68-T68) -> 0 | C68: 57 | E68: =' '!A82 -> Je préfère suivre mon propre chemin plutôt que de diriger un groupe. | W68: 57 | X68: 5 | Y68: =IF(S68<>"", IF(X68=5, IF(S68=1,4, IF(S68=2,3, IF(S68=3,2, IF(S68=4,1, IF(S68=5,0))))),S68),0) -> 0 | Z68: E
A69: =ABS(S69-T69) -> 0 | C69: 58 | E69: =' '!A83 -> Je m'amuse souvent à jouer avec des théories ou des idées abstraites. | W69: 58 | X69: 5 | Y69: =IF(S69<>"", IF(X69=5, IF(S69=1,0, IF(S69=2,1, IF(S69=3,2, IF(S69=4,3, IF(S69=5,4))))),S69),0) -> 0 | Z69: O
A70: =ABS(S70-T70) -> 0 | C70: 59 | E70: =' '!A84 -> Pour obtenir ce que je veux, je suis prêt à manipuler les gens si nécessaire. | W70: 59 | X70: 5 | Y70: =IF(S70<>"", IF(X70=5, IF(S70=1,4, IF(S70=2,3, IF(S70=3,2, IF(S70=4,1, IF(S70=5,0))))),S70),0) -> 0 | Z70: V
A71: =ABS(S71-T71) -> 0 | C71: 60 | E71: =' '!A85 -> Dans tout ce que je fais, je recherche la perfection. | U71: =' '!A306 -> Évaluation | W71: 60 | X71: 5 | Y71: =IF(S71<>"", IF(X71=5, IF(S71=1,0, IF(S71=2,1, IF(S71=3,2, IF(S71=4,3, IF(S71=5,4))))),S71),0) -> 0 | Z71: G
B73: © iManagement • s.imboden • www.2iManagement.ch | C73: © iManagement • s.imboden • www.2iManagement.ch | U73: Quelle: HOGREFE LTD
C124: =' '!A9 -> ← Pour effacer les réponses, s.v.p supprimez les points dans cette colonne.
J197: Anzahl
I198: 1 | J198: =COUNTIF(S12:S71,1) -> 0
I199: 2 | J199: =COUNTIF(S12:S71,2) -> 0
I200: 3 | J200: =COUNTIF(S12:S71,3) -> 0
I201: 4 | J201: =COUNTIF(S12:S71,4) -> 0
I202: 5 | J202: =COUNTIF(S12:S71,5) -> 0

Sheet Auswertung
B1: =' '!A10 -> Inventaire NEO des cinq facteurs (Big Five) selon Costa et McCrae
B2: =IF(NEO_S1!S11<>60,' '!A273,"") -> ATTENTION ! Veuillez répondre à toutes les questions s.v.p. !
B3: =NEO_S1!$U$1 -> myName
B26: =' '!A86 -> Névrosisme
B27: =' '!A91 -> Les personnes qui obtiennent un résultat faible sont calmes, stables, sereines et peu sujettes à l'angoisse. Elles surmontent facilement la colère, le stress et la gêne. Un résultat faible en névrosisme semble donc être une situation enviable mais, cependant, les personnes qui obtiennent un faible résultat peuvent aussi se révéler trop insouciantes et trop enclines à sous-estimer les menaces potentielles de leur environnement. | C27: =NEO_S1!AF12 -> 0 | D27: =' '!A92 -> Les personnes qui obtiennent un résultat élevé sont inquiètes, anxieuses, dépressives, complexées et vulnérables au stress et à la dépression.
B28: =' '!A87 -> Extraversion
B29: =' '!A93 -> Les personnes obtenant un résultat faible sont réservées, calmes, effacées et moins dépendantes de la vie sociale. Les personnes introverties ne sont pas asociales, mais ont simplement moins besoin de stimulation et préfèrent passer plus de temps seules. | C29: =NEO_S1!AF13 -> 0 | D29: =' '!A94 -> Les personnes qui obtiennent un résultat élevé sont extraverties, vives, sociables, bavardes, sûres d'elles, joyeuses, et apprécient les interactions sociales. _x000B_Dans le système des Big Five, l'extraversion est définie comme une activité tournée vers l'extérieur, et ne devrait pas être vue comme un « comportement social. » L'extraversion ne décrit pas, par exemple, à quel point une personne se soucie sincèrement des autres. Elle prend seulement en compte le niveau général d'activité tournée vers l'extérieur.
B30: =NEO_S1!AC14 -> Ouverture à l'expérience
B31: =' '!A95 -> Les personnes obtenant un résultat faible sont conventionnelles, traditionnelles et n'apprécient pas les choses étrangères et qu'elles connaissent mal. Les activités intellectuelles les laissent de marbre et elles n'aiment pas être confrontées à des opinions et à des idées bizarres. Des études ont montré que des niveaux d'ouverture plus bas ont leurs avantages dans les domaines de la comptabilité, de la police et des ventes. | C31: =NEO_S1!AF14 -> 0 | D31: =' '!A96 -> Les personnes qui obtiennent un résultat élevé se distinguent par leur caractère non-conventionnel, créatif, intellectuel, curieux, et par leur imagination débordante. Elles aiment entendre des opinions nouvelles et inhabituelles. Des études ont montré qu'un haut niveau d'ouverture à l'expérience pouvait être tout aussi bénéfique qu'un niveau plus bas, selon la tâche à accomplir. Les personnes possédant un haut niveau d'ouverture à l'expérience ont typiquement tendance à obtenir de meilleurs résultats dans les activités créatives ou dans la recherche.
B32: =NEO_S1!AC15 -> Agréabilité
B33: =' '!A97 -> Les personnes dont l'agréabilité est faible sont sceptiques, têtues, querelleuses, intéressées et brusques. Les personnes dont l'agréabilité est faible ont aussi tendance à défendre bec et ongles leurs avis et leurs opinions, et à critiquer les autres. Néanmoins, l'agréabilité n'est pas toujours utile dans les situations qui demandent de prendre des décisions difficiles ou objectives. Des études ont montré qu'un faible degré d'agréabilité peut avoir de nombreux avantages pour les leaders et les avocats. | C33: =NEO_S1!AF15 -> 0 | D33: =' '!A98 -> Les personnes qui obtiennent un score élevé sont tolérantes, douces, gentilles, indulgentes, agréables, altruistes et obligeantes. Comme il est très important pour elles de bien s'entendre avec les autres, elles ont des opinions flexibles et répugnent à critiquer ou à juger. Les personnes dont l'agréabilité est élevée sont donc habituellement plus appréciées que les personnes dont l'agréabilité est faible.
B34: =NEO_S1!AC16 -> Conscience
B35: =' '!A99 -> Les personnes possédant des résultats faibles sont distraites, désordonnées, ont du mal à trouver la motivation nécessaire à accomplir leur travail et leurs devoirs, ne sont pas gênées par l'inachèvement et le manque d'exactitude, et sont désorganisées en ce qui concerne leur environnement et leur emploi du temps. Néanmoins, les personnes possédant une faible conscienciosité sont souvent plus spontanées et enjouées. | C35: =NEO_S1!AF16 -> 0 | D35: =' '!A100 -> Les personnes qui obtiennent un résultat élevé sont bien organisées, travailleuses, disciplinées, efficaces, consciencieuses et ordonnées dans leur rapport aux choses et au temps. Néanmoins, les personnes possédant une grande conscienciosité peut prédisposer à l'addiction au travail et au perfectionnisme.
B36: © iManagement • s.imboden • www.2iManagement.ch
B38: =' '!A103 -> Description détaillée
B40: =' '!A86 -> Névrosisme
B41: =' '!A108 -> Le névrosisme, auquel il est souvent référé par son opposé : la stabilité émotionnelle désigne une disposition aux émotions négatives. Ceux dont les descriptions font état d'un fort névrosisme éprouvent facilement un sentiment négatif comme l'anxiété, la colère, la dépression. Ces personnes sont émotionnellement réactives : elles s'émeuvent plus que la moyenne face à des événements qui affectent peu ou pas la plupart des gens. Elles ont plus tendance à ressentir des situations ordinaires comme menaçantes, et des frustrations mineures comme plus difficiles à surmonter. Leurs réactions négatives durent plus longtemps, ce qui entraîne de la mauvaise humeur plus fréquente. Leurs émotions peuvent entraver leur capacité à raisonner, à prendre des décisions, à faire face aux situations stressantes. À l'opposé, un faible névrosisme désigne des personnes calmes, émotionnellement stables, qui éprouvent plutôt rarement de l'humeur négative de manière persistante. Peu de sentiments négatifs ne sont pas synonymes d'émotions positives fréquentes, c'est là une caractéristique de l'extraversion.
B42: =' '!A87 -> Extraversion
B43: =' '!A106 -> L'extraversion est marquée par d'intenses interactions avec le monde extérieur. Les extravertis aiment être avec des gens, sont pleins d'énergie et ressentent souvent des émotions positives. Tournés vers l'action, ils tendent à se montrer enthousiastes et à vivement approuver les projets excitants. En groupe ils aiment parler, s'affirment et attirent l'attention à soi. Les personnes ayant une extraversion basse sont moins exubérantes, ont un niveau d'énergie et d'activité moins élevé que la moyenne. Elles sont plutôt calmes, effacées, et moins dépendantes de la vie sociale. Leur peu d'engagement social ne doit pas être interprété comme de la timidité ou de la dépression ; l'introverti a simplement besoin de moins de stimulation que l'extraverti et de plus de temps pour recharger ses batteries.
B44: =' '!A88 -> Ouverture à l'expérience
B45: =' '!A104 -> L'ouverture à l'expérience distingue les personnes imaginatives et créatives des personnes terre-à-terre et conventionnelles. Une personne « ouverte » est curieuse intellectuellement, apprécie l'art, est sensible à la beauté. Elle est, plus qu'une personne « fermée », consciente de ses sentiments. Elle possède souvent des convictions peu conventionnelles et individualistes, même si ses actions se conforment à l'usage. Une personne peu « ouverte » a plutôt des intérêts restreints, communs. Elle préfère le simple, le direct, l'évident au complexe, à l'ambigu, au subtil. Elle peut porter aux arts et aux sciences de la suspicion, considérant ces activités comme abstruses ou sans utilité pratique. Elle préfère la familiarité à la nouveauté ; elle est conservatrice et hostile au changement. L'ouverture est corrélée fortement avec la créativité (mesurée par des tâches comme imaginer différents usages pour un objet). D'autre part, une personne « ouverte » donne l'impression d'être intelligente, car elle est curieuse et cultivée. Cependant, cette dimension est indépendante du quotient intellectuel. Cela signifie qu'une personne avec un fort QI peut avoir une ouverture faible et que son expertise sera centrée sur un domaine particulier. Les psychologues associent souvent l'ouverture à une bonne santé mentale et à la maturité. Les styles de pensée « ouvert » et « fermé » ont pourtant chacun leur avantage dans un certain contexte : l'aspect intellectuel de la personne ouverte peut être bénéfique à un professeur, mais la recherche a montré qu'à une pensée fermée répondent de meilleures performances professionnelles dans la police, la vente et un certain nombre de services.
B46: =' '!A89 -> Agréabilité
B47: =' '!A107 -> L'agréabilité (amabilité) transparaît dans le désir de coopération et d'harmonie sociale. Les individus agréables portent de l'importance à la cohésion avec autrui et se montrent pleins d'égards, amicaux, serviables, généreux et prêts à transiger pour concilier leurs intérêts avec ceux des autres. Les personnes agréables ont aussi une vision optimiste de la nature humaine. Elles pensent que les gens sont foncièrement honnêtes, fiables, "bien". Les individus non 'agréables' mettent leur intérêt personnel avant la cohésion avec autrui. Ils sont généralement peu soucieux du bien-être des autres et de ce fait peu enclins à faire un effort pour eux. Parfois leur scepticisme quant aux motivations d'autrui les rend soupçonneux, inamicaux, fermés à toute coopération. Le caractère agréable est à l'évidence un avantage pour devenir et rester populaire. Les personnes agréables sont plus aimées que les personnes non agréables. D'un autre côté, le caractère agréable n'est pas favorable dans des situations qui requièrent des décisions dures ou absolument objectives. Les personnes non agréables peuvent faire d'excellents scientifiques, critiques, ou soldats. Il faut éviter de rattacher au caractère agréable les termes "altruiste" et "égoïste" parce qu'"altruisme" est un terme en usage en biologie évolutionniste (Sélection de parentèle) avec un sens fondamentalement différent de l'agréabilité.
B48: =' '!A90 -> Conscience
B49: =' '!A105 -> La conscienciosité (conscience) décrit comment l'individu contrôle, régule et dirige ses impulsions. Les impulsions ne sont pas mauvaises en soi : occasionnellement des contraintes temporelles exigent une décision immédiate, et suivre notre élan premier peut être une réponse efficace ; et dans un contexte ludique ce peut être plus amusant. Les individus impulsifs peuvent être perçus comme hauts en couleur, boute-en-train. Certains leur reprochent cependant de manquer d'ambition, de ne pas pouvoir compter sur eux et de ne pas savoir respecter les limites. Les avantages d'un fort caractère consciencieux sont évidents. Les individus consciencieux évitent les ennuis et réussissent avec brio en cernant et planifiant leurs objectifs et en maintenant leur ligne de conduite. Ils sont également perçus positivement par autrui, comme intelligents et fiables. Côté négatif, ils peuvent être des perfectionnistes compulsifs et des bourreaux de travail. Des individus extrêmement consciencieux peuvent être considérés comme ternes et ennuyeux.
B50: =' '!A109 -> Source: McCrae, R. R. & Costa, P. T. (1990). Personality in adulthood. New York: The Guildford Press
B51: © iManagement • s.imboden • www.2iManagement.ch
